[Event "42nd Olympiad Baku 2016 Women"]
[Site "Baku"]
[Date "2016.09.06"]
[Round "5.6"]
[White "Puuska, Heini"]
[Black "Morozova, Iuliia"]
[Result "1/2-1/2"]
[ECO "D31"]
[WhiteElo "1926"]
[BlackElo "2025"]
[Annotator ""]
[PlyCount "83"]
[EventDate "2016.??.??"]
[EventType "team-tourn"]
[EventCountry "AZE"]
[SourceTitle "playchess.com"]
[Source "ChessBase"]
[WhiteTeam "Finland"]
[BlackTeam "Belgium"]
[WhiteTeamCountry "FIN"]
[BlackTeamCountry "BEL"]
[TimeControl "40/5400+30:1800+30"]

1. d4 {(00:00)} d5 {(00:00)} 2. c4 {(01:25)} e6 {(
00:04)} 3. Nc3 {(00:43)} f5 {(00:46)} 4. Bf4 {(04:17)} Nf6
{(09:49)} 5. e3 {(00:30)} c6 {(01:23)} 6. h3 {(01:
42)} Nbd7 {(06:21)} 7. Bd3 {(03:51)} dxc4 {(05:09)} 8.
Bxc4 {(01:12)} Nb6 {(00:14)} 9. Bb3 {(01:59)} Nbd5 {
(01:50)} 10. Be5 {(02:58)} Bb4 {(16:19)} 11. Nge2 {
(02:55)} O-O {(12:18)} 12. O-O {(01:40)} Bd7 {(00:
56)} 13. Rc1 {(04:39)} Be8 {(03:05)} 14. Nxd5 {(08:08)}
exd5 {(08:14)} 15. Nf4 {(02:46)} Qe7 {(03:06)} 16. Qc2 {
(17:56)} Bg6 {(08:36)} 17. Qb1 {(10:22)} Bd6 {(02:
14)} 18. Bxd6 {(01:23)} Qxd6 {(00:07)} 19. Bc2 {(00:32)}
Ne4 {(01:37)} 20. Bxe4 {(00:29)} fxe4 {(02:52)} 21. b4 {
(01:11)} Rf6 {(03:41)} 22. b5 {(01:18)} Raf8 {(00:
39)} 23. Qb3 {(04:39)} Be8 {(01:11)} 24. bxc6 {(01:22)}
bxc6 {(00:58)} 25. Qb7 {(02:18)} g5 {(01:34)} 26. Ne2 {
(00:34)} Bh5 {(03:13)} 27. Ng3 {(02:47)} Be8 {(01:
14)} 28. Qxa7 {(02:10)} h5 {(00:45)} 29. Qc5 {(00:58)} Qd7
{(01:04)} 30. Rb1 {(06:59)} h4 {(00:27)} 31. Nxe4 {
(03:17)} dxe4 {(01:10)} 32. Qxg5+ {(00:06)} Qg7 {(
00:55)} 33. Qxh4 {(01:35)} Bd7 {(01:46)} 34. Qg3 {(03:30)}
Rg6 {(00:20)} 35. Qh2 {(00:04)} Qf7 {(02:06)} 36. Rb8 {
(00:37)} Qxa2 {(00:33)} 37. Rxf8+ {(00:16)} Kxf8 {(
00:03)} 38. Qf4+ {(01:36)} Qf7 {(00:18)} 39. Qxf7+ {(00:
44)} Kxf7 {(00:05)} 40. Kh2 {(00:00)} Be6 {(00:00)} 41. f3
{(04:03)} Bc4 {(10:39)} 42. Rf2 {(03:31)} 1/2-1/2

[Event "42nd Olympiad Baku 2016 Women"]
[Site "Baku"]
[Date "2016.09.06"]
[Round "5.35"]
[White "Quevedo, Andreina"]
[Black "Melnik, Galina"]
[Result "1/2-1/2"]
[ECO "B19"]
[WhiteElo "1699"]
[BlackElo "1915"]
[Annotator ""]
[PlyCount "91"]
[EventDate "2016.??.??"]
[EventType "team-tourn"]
[EventCountry "AZE"]
[SourceTitle "playchess.com"]
[Source "ChessBase"]
[WhiteTeam "URU"]
[BlackTeam "IPCA"]
[WhiteTeamCountry "URU"]
[BlackTeamCountry "RUS"]
[TimeControl "40/5400+30:1800+30"]

1. e4 {(00:00)} c6 {(00:00)} 2. d4 {(00:00)} d5 {(
00:00)} 3. Nc3 {(00:11)} dxe4 {(00:00)} 4. Nxe4 {(00:05)}
Bf5 {(00:00)} 5. Ng3 {(00:11)} Bg6 {(00:00)} 6. h4 {
(00:04)} h6 {(00:00)} 7. Nf3 {(00:04)} Nd7 {(00:09]
} 8. h5 {(00:21)} Bh7 {(00:05)} 9. Bd3 {(00:04)} Bxd3 {
(00:06)} 10. Qxd3 {(00:05)} Qc7 {(00:11)} 11. Bd2 {
(00:42)} Ngf6 {(00:10)} 12. O-O-O {(03:00)} e6 {(
00:05)} 13. c4 {(05:42)} O-O-O {(00:48)} 14. Ne4 {(01:16)}
Nxe4 {(01:14)} 15. Qxe4 {(00:05)} Nf6 {(00:09)} 16. Qe2 {
(00:22)} c5 {(00:19)} 17. g3 {(05:13)} Bd6 {(00:24]
} 18. Kb1 {(00:25)} Rhe8 {(06:50)} 19. Bc3 {(02:13)} a6 {
(07:11)} 20. Ne5 {(07:20)} cxd4 {(19:31)} 21. Rxd4 {
(07:20)} Bxe5 {(05:58)} 22. Rxd8+ {(04:42)} Rxd8 {(
00:01)} 23. Bxe5 {(00:21)} Qd7 {(01:30)} 24. Qe3 {(10:17)}
Qd3+ {(04:46)} 25. Qxd3 {(00:06)} Rxd3 {(00:08)} 26. Kc2 {
(00:20)} Rf3 {(02:27)} 27. Bd4 {(03:55)} e5 {(08:
02)} 28. Bxe5 {(08:30)} Rxf2+ {(00:49)} 29. Kd3 {(10:21)}
Rf5 {(01:47)} 30. Bxf6 {(08:00)} Rxf6 {(00:10)} 31. Ke4 {
(03:00)} Rf2 {(01:01)} 32. Rb1 {(01:32)} Kd7 {(00:
29)} 33. a3 {(02:06)} Rc2 {(05:45)} 34. b3 {(01:02)} Rg2 {
(03:35)} 35. Kf3 {(03:52)} Rd2 {(04:21)} 36. Ke3 {(
00:42)} Rh2 {(00:08)} 37. g4 {(00:24)} Rh3+ {(00:51)} 38.
Kf4 {(08:46)} Kc6 {(01:56)} 39. Ke4 {(03:08)} Kc5 {
(01:03)} 40. b4+ {(00:00)} Kxc4 {(00:00)} 41. Rc1+ {
(04:05)} Rc3 {(02:09)} 42. Rf1 {(05:02)} g6 {(12:
08)} 43. Rxf7 {(07:11)} gxh5 {(00:03)} 44. gxh5 {(00:15)}
Rxa3 {(02:02)} 45. Rxb7 {(00:29)} Rh3 {(00:43)} 46. Rb6 {
(00:50)} 1/2-1/2

[Event "42nd Olympiad Baku 2016 Women"]
[Site "Baku"]
[Date "2016.09.06"]
[Round "5.19"]
[White "Ramirez Gonzalez, Maria Jose"]
[Black "Sakai, Azumi"]
[Result "1-0"]
[ECO "D00"]
[WhiteElo "1859"]
[BlackElo "1703"]
[Annotator ""]
[PlyCount "95"]
[EventDate "2016.??.??"]
[EventType "team-tourn"]
[EventCountry "AZE"]
[SourceTitle "playchess.com"]
[Source "ChessBase"]
[WhiteTeam "Costa Rica"]
[BlackTeam "Japan"]
[WhiteTeamCountry "CRI"]
[BlackTeamCountry "JPN"]
[TimeControl "40/5400+30:1800+30"]

1. d4 {(00:00)} d5 {(00:00)} 2. Bf4 {(00:00)} Nf6 {
(00:00)} 3. e3 {(00:00)} c5 {(00:27)} 4. c3 {(00:
29)} Qb6 {(00:32)} 5. Qb3 {(02:04)} Nc6 {(00:33)} 6. Nd2 {
(02:15)} e6 {(10:49)} 7. Ngf3 {(02:40)} Be7 {(01:
45)} 8. h3 {(07:12)} O-O {(01:44)} 9. Qc2 {(08:32)} Bd7 {
(04:26)} 10. Rc1 {(04:37)} Rac8 {(01:50)} 11. Qb1 {
(01:16)} Rfd8 {(08:41)} 12. Bd3 {(00:18)} g6 {(02:
45)} 13. O-O {(00:39)} Bf8 {(05:03)} 14. Rfd1 {(06:57)}
cxd4 {(03:25)} 15. exd4 {(00:54)} Na5 {(02:36)} 16. Ne5 {
(01:25)} Bb5 17. Bg5 {(05:02)} Be7 {(04:58)} 18. Bc2 {
(06:09)} Qc7 {(03:58)} 19. Re1 {(03:17)} Nh5 {(05:
17)} 20. Be3 {(03:28)} Bd6 21. Ndf3 {(02:13)} Nc4 {(05:34]
} 22. Nxc4 {(01:03)} dxc4 {(03:21)} 23. Bg5 Re8 24. Re2 {(
12:25)} Bc6 {(03:26)} 25. Ne5 {(08:43)} Bd5 {(02:08)} 26.
g4 {(08:24)} Ng7 27. Rce1 {(02:22)} b5 {(04:19)} 28. a3 {
(00:30)} a5 {(00:50)} 29. Qc1 {(00:34)} b4 {(03:01]
} 30. axb4 {(00:08)} axb4 {(00:17)} 31. Bf6 {(01:29)} b3 {
(00:49)} 32. Bb1 Qb7 {(01:54)} 33. Qh6 {(01:13)} Bf8 {
(00:35)} 34. Qf4 {(00:46)} Ra8 {(04:06)} 35. h4 {(
01:29)} Rec8 {(02:04)} 36. h5 {(01:02)} Ne8 {(01:37)} 37.
hxg6 {(03:31)} fxg6 {(01:22)} 38. g5 {(00:27)} Ra7 {
(07:28)} 39. Re3 {(00:27)} Ng7 {(01:46)} 40. Rh3 {(
00:00)} Nh5 {(00:00)} 41. Qg4 {(05:42)} Ra1 {(08:29)} 42.
f4 {(17:04)} Rca8 {(00:58)} 43. Kf2 {(00:52)} R8a2 {
(02:22)} 44. Nxg6 {(12:18)} Rxb2+ {(00:41)} 45. Re2 {
(00:15)} Rxe2+ {(12:04)} 46. Kxe2 {(00:38)} hxg6 {(
04:59)} 47. Bxg6 {(00:34)} Bh1 {(08:21)} 48. Qxe6+ {(00:
33)} 1-0

[Event "42nd Olympiad Baku 2016 Women"]
[Site "Baku"]
[Date "2016.09.06"]
[Round "5.25"]
[White "Ramirez, Maria Eugenia"]
[Black "Zhou, Qiyu"]
[Result "1-0"]
[ECO "C49"]
[WhiteElo "2104"]
[BlackElo "2367"]
[Annotator ""]
[PlyCount "59"]
[EventDate "2016.??.??"]
[EventType "team-tourn"]
[EventCountry "AZE"]
[SourceTitle "playchess.com"]
[Source "ChessBase"]
[WhiteTeam "Bolivia"]
[BlackTeam "Canada"]
[WhiteTeamCountry "BOL"]
[BlackTeamCountry "CAN"]
[TimeControl "40/5400+30:1800+30"]

1. e4 {(00:00)} e5 {(00:00)} 2. Nf3 {(00:00)} Nc6 {
(00:00)} 3. Nc3 {(00:00)} Nf6 {(00:00)} 4. Bb5 {(
00:00)} Bb4 {(00:00)} 5. Bxc6 {(01:16)} dxc6 {(05:36)} 6.
d3 {(02:08)} Qe7 {(01:35)} 7. h3 {(01:33)} Bd7 {(
04:33)} 8. Be3 {(00:49)} a6 {(06:24)} 9. a3 {(01:55)} Bd6
{(02:36)} 10. Ne2 {(04:07)} c5 {(06:23)} 11. Ng3 {(
04:06)} O-O-O {(02:08)} 12. c3 {(03:20)} h6 {(04:02)} 13.
Qc2 {(01:55)} Kb8 {(08:29)} 14. b4 {(01:43)} g6 {(
03:44)} 15. O-O {(03:59)} cxb4 {(18:26)} 16. axb4 {(00:19]
} g5 {(06:46)} 17. b5 {(05:12)} a5 {(10:02)} 18. Rxa5 {
(05:07)} b6 {(03:11)} 19. Ra8+ {(07:03)} Kb7 {(04:
26)} 20. Ra7+ {(00:46)} Kb8 {(03:04)} 21. Rfa1 {(02:15)}
Bxb5 {(00:32)} 22. c4 {(02:26)} Bc6 {(00:57)} 23. Bxb6 {
(05:15)} Qe6 24. Be3 {(01:08)} Kc8 {(03:43)} 25. R1a6 {
(02:44)} Bb7 {(02:18)} 26. c5 {(02:49)} Bxa6 {(01:
13)} 27. Rxa6 {(01:08)} Kd7 {(00:18)} 28. cxd6 {(00:57)}
cxd6 {(00:09)} 29. Nf5 {(00:25)} Rc8 {(01:40)} 30. Qa4+ {
(00:32)} 1-0

[Event "42nd Olympiad Baku 2016 Women"]
[Site "Baku"]
[Date "2016.09.06"]
[Round "5.1"]
[White "Rapport, Jovana"]
[Black "Muzychuk, Anna"]
[Result "0-1"]
[ECO "B38"]
[WhiteElo "2318"]
[BlackElo "2550"]
[Annotator ""]
[PlyCount "56"]
[EventDate "2016.??.??"]
[EventType "team-tourn"]
[EventCountry "AZE"]
[SourceTitle "playchess.com"]
[Source "ChessBase"]
[WhiteTeam "Serbia"]
[BlackTeam "Ukraine"]
[WhiteTeamCountry "SRB"]
[BlackTeamCountry "UKR"]
[TimeControl "40/5400+30:1800+30"]

1. c4 {(00:00)} c5 {(00:00)} 2. Nf3 {(00:00)} g6 {(
00:00)} 3. e4 {(05:14)} Bg7 {(00:23)} 4. d4 {(00:05)} cxd4
{(00:30)} 5. Nxd4 {(00:07)} Nc6 {(00:21)} 6. Be3 {(
01:55)} Nf6 {(00:38)} 7. Nc3 {(00:59)} d6 {(00:55)} 8. Be2
{(03:33)} O-O {(00:18)} 9. Rc1 {(07:27)} Bd7 {(06:
00)} 10. Qd2 {(01:14)} Nxd4 {(03:38)} 11. Bxd4 {(00:33)}
Bc6 {(01:14)} 12. f3 {(00:18)} a5 {(00:35)} 13. Be3 {
(17:31)} Nd7 {(08:23)} 14. g4 {(08:42)} a4 {(14:46]
} 15. h4 {(03:28)} Qa5 {(10:40)} 16. h5 {(18:47)} Qe5 {
(09:19)} 17. Rh3 {(15:15)} Nc5 {(08:13)} 18. Rc2 {(
01:38)} a3 {(16:14)} 19. b3 {(00:07)} f5 {(00:26)} 20. h6
{(04:44)} fxg4 {(05:21)} 21. hxg7 {(00:04)} gxh3 {(
00:05)} 22. gxf8=Q+ {(00:05)} Rxf8 {(00:04)} 23. f4 {(01:
19)} Nxe4 {(06:27)} 24. fxe5 {(04:13)} h2 {(00:59)} 25.
Qd4 {(00:03)} h1=Q+ {(04:27)} 26. Bg1 {(00:04)} Rf2 {
(00:29)} 27. Nxe4 {(05:33)} Qxg1+ {(00:10)} 28. Kd2 {
(00:05)} Rxe2+ {(00:10)} 0-1

[Event "42nd Olympiad Baku 2016 Women"]
[Site "Baku"]
[Date "2016.09.06"]
[Round "5.11"]
[White "Rivera, Ingris"]
[Black "Dekic, Biljana N"]
[Result "1-0"]
[ECO "E12"]
[WhiteElo "2201"]
[BlackElo "2064"]
[Annotator ""]
[PlyCount "85"]
[EventDate "2016.??.??"]
[EventType "team-tourn"]
[EventCountry "AZE"]
[SourceTitle "playchess.com"]
[Source "ChessBase"]
[WhiteTeam "Colombia"]
[BlackTeam "Australia"]
[WhiteTeamCountry "COL"]
[BlackTeamCountry "AUS"]
[TimeControl "40/5400+30:1800+30"]

1. d4 {(00:00)} Nf6 {(00:00)} 2. c4 {(00:00)} e6 {(
00:16)} 3. Nf3 {(00:00)} b6 {(01:40)} 4. a3 {(00:23)} a5 {
(02:40)} 5. Nc3 {(00:41)} Bb7 {(02:07)} 6. Qc2 {(
01:05)} d5 {(02:05)} 7. Bg5 {(00:56)} Be7 {(00:43)} 8. e3
{(00:32)} O-O {(01:14)} 9. Bd3 {(02:29)} h6 {(01:
26)} 10. Bh4 {(00:52)} Nbd7 {(00:20)} 11. cxd5 {(01:16)}
exd5 {(00:14)} 12. Rc1 {(01:49)} c5 {(01:52)} 13. O-O {
(01:20)} c4 {(11:43)} 14. Bf5 {(01:48)} Re8 {(02:
06)} 15. Ne5 {(02:45)} Nxe5 {(03:06)} 16. dxe5 {(03:11)}
Ne4 {(03:33)} 17. Bxe7 {(01:20)} Qxe7 {(02:39)} 18. Nxe4 {
(01:04)} dxe4 {(00:48)} 19. Bxe4 {(00:51)} Bxe4 {(
02:50)} 20. Qxe4 {(00:05)} b5 {(00:19)} 21. f4 {(00:55)}
Rec8 {(06:38)} 22. a4 {(01:05)} Qb4 {(00:49)} 23. axb5 {
(00:17)} Qxb5 {(00:01)} 24. Rc2 {(01:28)} Ra6 {(01:
53)} 25. f5 {(00:57)} Rc5 {(04:07)} 26. e6 {(00:24)} fxe6
{(00:27)} 27. f6 {(00:12)} Rf5 {(08:45)} 28. Rcf2 {
(03:44)} g6 {(02:03)} 29. Qh4 {(19:16)} Qd7 {(12:
08)} 30. Qxh6 {(02:37)} Qh7 {(00:16)} 31. Qxh7+ {(02:58)}
Kxh7 {(00:03)} 32. g4 {(03:16)} Rxf2 {(02:39)} 33. Rxf2 {
(00:04)} Kg8 {(00:02)} 34. g5 {(00:34)} Rd6 {(02:
01)} 35. Kg2 {(00:25)} Rd3 {(01:28)} 36. Kf3 {(00:53)} c3
{(03:33)} 37. bxc3 {(00:06)} Rxc3 {(00:03)} 38. Ra2 {
(01:20)} Rc5 {(00:08)} 39. h4 {(00:05)} Kf7 {(02:
25)} 40. Rb2 {(00:00)} Rc4 {(00:00)} 41. Rb7+ {(02:02)}
Kf8 {(00:42)} 42. h5 {(01:09)} gxh5 {(01:56)} 43. g6 {
(00:04)} 1-0

[Event "42nd Olympiad Baku 2016 Women"]
[Site "Baku"]
[Date "2016.09.06"]
[Round "5.17"]
[White "Rodriguez Arrieta, Maria Elena"]
[Black "Ishizuka, Mirai"]
[Result "1-0"]
[ECO "B54"]
[WhiteElo "1903"]
[BlackElo "1778"]
[Annotator ""]
[PlyCount "131"]
[EventDate "2016.??.??"]
[EventType "team-tourn"]
[EventCountry "AZE"]
[SourceTitle "playchess.com"]
[Source "ChessBase"]
[WhiteTeam "Costa Rica"]
[BlackTeam "Japan"]
[WhiteTeamCountry "CRI"]
[BlackTeamCountry "JPN"]
[TimeControl "40/5400+30:1800+30"]

1. e4 {(00:00)} c5 {(00:00)} 2. Nf3 {(00:00)} d6 {(
00:00)} 3. d4 {(00:00)} cxd4 {(00:00)} 4. Nxd4 {(00:00)}
Nf6 {(00:00)} 5. f3 {(00:00)} Qb6 {(08:45)} 6. c4 {
(01:53)} Nc6 {(03:21)} 7. Nc2 {(00:46)} g6 {(02:55]
} 8. Nc3 {(00:28)} Bg7 {(01:25)} 9. Be2 {(06:18)} Be6 {
(08:09)} 10. Rb1 {(03:04)} Ng4 11. fxg4 {(08:54)} Bxc3+ {
(09:52)} 12. Bd2 {(00:05)} Bxd2+ {(01:05)} 13. Qxd2 {
(00:06)} Ne5 {(12:42)} 14. Ne3 {(03:41)} Rc8 {(08:
41)} 15. b3 {(00:23)} Nc6 {(03:31)} 16. O-O {(03:39)} O-O
{(02:59)} 17. Rbd1 {(04:34)} Ne5 {(01:12)} 18. Kh1 {
(00:14)} Kg7 {(04:38)} 19. g5 {(02:42)} Bd7 {(00:
50)} 20. Nc2 {(02:01)} a5 {(01:22)} 21. Nd4 {(05:33)} Kg8
{(02:25)} 22. Qf4 {(02:07)} a4 {(03:10)} 23. Qh4 {(
00:52)} axb3 {(01:03)} 24. axb3 {(00:06)} Ra8 {(01:59)}
25. Rf4 {(03:12)} Qc5 {(09:26)} 26. Qh6 {(07:41)} f6 {
(01:38)} 27. gxf6 {(03:51)} Rxf6 {(00:17)} 28. Rxf6 {
(02:52)} exf6 {(00:02)} 29. Qf4 {(00:13)} Kg7 {(00:
50)} 30. h3 {(02:59)} Re8 {(03:21)} 31. Bf1 {(08:00)} Ra8
{(01:25)} 32. Qd2 {(03:28)} Re8 {(00:39)} 33. Nc2 {
(01:39)} Nf7 {(00:36)} 34. Bd3 {(02:42)} Bc6 {(00:
57)} 35. b4 {(07:06)} Qe5 {(01:37)} 36. Re1 {(05:16)} Rc8
{(00:31)} 37. b5 {(01:40)} Bd7 {(00:08)} 38. Ne3 {(
01:50)} Be6 {(02:21)} 39. Qf2 {(01:30)} Rf8 {(01:30)} 40.
Nc2 {(00:00)} Qc5 {(00:00)} 41. Qe2 {(03:01)} Ne5 {
(02:51)} 42. Ne3 {(00:31)} Rc8 {(00:30)} 43. Rf1 {(
04:29)} Nxd3 {(10:12)} 44. Qxd3 {(00:05)} Bxc4 {(01:12)}
45. Nxc4 {(00:06)} Qxc4 {(00:07)} 46. Qf3 {(00:05)} Qc3 {
(04:56)} 47. Qf4 {(00:49)} Qe5 {(00:55)} 48. Qf2 {(
00:49)} Rc5 {(00:36)} 49. b6 {(00:52)} Rc4 {(01:51)} 50.
Rd1 {(00:51)} Kf7 {(04:48)} 51. Qe3 {(02:56)} Rxe4 {
(02:49)} 52. Qd2 {(00:26)} Ke6 {(02:12)} 53. Qh6 {(
01:16)} Re1+ {(02:27)} 54. Rxe1 {(00:05)} Qxe1+ {(00:03)}
55. Kh2 {(00:05)} Qe5+ {(00:12)} 56. Kh1 {(00:10)} Qe4 {
(02:00)} 57. Qxh7 {(00:19)} Kf5 {(00:31)} 58. Qd7+ {
(00:44)} Kg5 {(01:20)} 59. Qxd6 {(02:40)} Qe1+ {(
03:11)} 60. Kh2 {(00:05)} Qe5+ {(00:44)} 61. Qxe5+ {(00:
05)} fxe5 {(00:04)} 62. Kg3 {(00:05)} Kf5 {(00:31)} 63.
Kf3 {(00:12)} Kf6 {(01:32)} 64. Ke4 {(00:09)} Ke6 {
(00:27)} 65. h4 {(00:16)} Kf6 {(00:34)} 66. g4 {(
00:06)} 1-0

[Event "42nd Olympiad Baku 2016 Women"]
[Site "Baku"]
[Date "2016.09.06"]
[Round "5.9"]
[White "Rodriguez Rueda, Paula Andrea"]
[Black "Richards, Heather S"]
[Result "1/2-1/2"]
[ECO "E62"]
[WhiteElo "2326"]
[BlackElo "2199"]
[Annotator ""]
[PlyCount "160"]
[EventDate "2016.??.??"]
[EventType "team-tourn"]
[EventCountry "AZE"]
[SourceTitle "playchess.com"]
[Source "ChessBase"]
[WhiteTeam "Colombia"]
[BlackTeam "Australia"]
[WhiteTeamCountry "COL"]
[BlackTeamCountry "AUS"]
[TimeControl "40/5400+30:1800+30"]

1. d4 {(00:00)} d6 {(00:00)} 2. Nf3 {(00:00)} Nf6 {
(00:00)} 3. g3 {(00:13)} g6 {(00:00)} 4. Bg2 {(00:
13)} Bg7 {(00:03)} 5. c4 {(00:19)} c6 {(01:03)} 6. Nc3 {
(00:06)} Bf5 {(01:06)} 7. O-O {(00:07)} O-O {(03:
47)} 8. b3 {(00:17)} Ne4 {(00:14)} 9. Bb2 {(00:05)} Nxc3 {
(16:52)} 10. Bxc3 {(00:09)} Be4 {(00:14)} 11. Qd2 {
(01:55)} d5 {(00:15)} 12. Rfd1 {(02:16)} Nd7 {(00:
44)} 13. Qb2 {(02:05)} Nf6 {(04:50)} 14. Rac1 {(00:29)}
Nh5 {(11:06)} 15. Qa3 {(03:35)} Bh6 {(02:22)} 16. Bd2 {
(04:48)} Bxd2 {(04:30)} 17. Rxd2 {(00:21)} Qd6 {(
00:07)} 18. c5 {(01:54)} Qc7 {(04:03)} 19. Qb2 {(01:52)}
Ng7 {(01:41)} 20. b4 {(01:39)} f6 {(04:32)} 21. Qb3 {
(06:18)} e5 {(01:58)} 22. a4 {(01:38)} Rae8 {(01:
27)} 23. b5 {(03:02)} Rf7 {(06:27)} 24. dxe5 {(01:24)}
Bxf3 {(01:20)} 25. Bxf3 {(02:19)} fxe5 {(01:20)} 26. e4 {
(03:17)} d4 {(09:45)} 27. Bg2 {(01:02)} Kh8 {(00:
12)} 28. a5 {(04:27)} Ref8 {(02:56)} 29. b6 {(05:37)} axb6
{(02:45)} 30. cxb6 {(00:10)} Qd6 {(02:33)} 31. Qc4 {
(00:10)} Ne6 {(04:34)} 32. h4 {(03:46)} Nd8 {(02:
09)} 33. Ra1 {(03:50)} Qf6 {(00:53)} 34. Ra3 {(04:58)} Qe7
{(00:25)} 35. Raa2 {(00:43)} Rf6 {(02:44)} 36. a6 {
(02:21)} bxa6 {(00:07)} 37. Rxa6 {(00:12)} Nb7 {(
03:08)} 38. Ra7 {(00:27)} Qg7 {(00:33)} 39. Rc2 {(02:23)}
h5 {(02:23)} 40. Bf1 {(00:00)} R8f7 {(00:00)} 41. Qa4 {
(02:24)} g5 {(08:40)} 42. hxg5 {(00:37)} Qxg5 {(03:
10)} 43. Qa3 {(32:49)} Rf3 {(04:44)} 44. Qc1 {(01:08)}
Qxc1 {(03:00)} 45. Rxc1 {(00:00)} d3 {(00:18)} 46. Rd1 {
(01:09)} Rxf2 {(02:39)} 47. Bxd3 {(00:14)} R2f3 {(
02:20)} 48. Kg2 {(05:52)} Rf2+ {(00:04)} 49. Kh3 {(00:32)}
Rb2 {(00:18)} 50. Rb1 {(00:32)} Rd2 {(01:44)} 51. Ba6 {
(00:15)} Rdd7 {(02:11)} 52. Kh4 {(00:22)} Rg7 {(01:
54)} 53. Bxb7 {(01:22)} Rxb7 {(01:23)} 54. Rxb7 {(00:05)}
Rxb7 {(00:04)} 55. Kxh5 {(00:06)} c5 {(02:30)} 56. Kg5 {
(00:05)} c4 {(00:10)} 57. Kf5 {(00:05)} c3 {(00:01]
} 58. Kxe5 {(00:10)} c2 {(00:17)} 59. Rc1 {(00:04)} Rxb6 {
(00:01)} 60. Rxc2 {(00:06)} Kg7 {(00:02)} 61. Rd2 {
(01:04)} Rb3 {(00:42)} 62. g4 {(00:12)} Kg6 {(00:
02)} 63. Kf4 {(00:18)} Rb1 {(01:26)} 64. Rd6+ {(00:10)}
Kf7 {(00:05)} 65. g5 {(01:29)} Rg1 {(00:46)} 66. Kf5 {
(00:18)} Rf1+ {(00:10)} 67. Ke5 {(00:01)} Rg1 {(00:
05)} 68. Rf6+ {(01:15)} Kg7 {(00:49)} 69. Kf5 {(01:59)}
Rf1+ {(00:04)} 70. Ke6 {(00:06)} Rg1 {(00:21)} 71. g6 {
(00:24)} Rb1 {(02:12)} 72. e5 {(00:07)} Ra1 {(00:
21)} 73. Rf3 {(05:22)} Ra6+ {(00:34)} 74. Kd5 {(00:48)}
Kxg6 {(02:16)} 75. Rc3 {(01:17)} Kf7 {(00:30)} 76. Rc7+ {
(00:50)} Ke8 {(00:11)} 77. e6 {(00:12)} Ra1 {(00:
21)} 78. Rc5 {(06:38)} Ke7 {(00:13)} 79. Rc7+ {(00:16)}
Ke8 {(00:05)} 80. Rc5 {(00:42)} Ke7 {(00:08)} 1/2-1/2

[Event "42nd Olympiad Baku 2016 Women"]
[Site "Baku"]
[Date "2016.09.06"]
[Round "5.12"]
[White "Rodshtein, Tereza"]
[Black "Isgandarova, Khayala"]
[Result "0-1"]
[ECO "C11"]
[WhiteElo "2230"]
[BlackElo "2188"]
[Annotator ""]
[PlyCount "76"]
[EventDate "2016.??.??"]
[EventType "team-tourn"]
[EventCountry "AZE"]
[SourceTitle "playchess.com"]
[Source "ChessBase"]
[WhiteTeam "Czech Republic"]
[BlackTeam "Turkey"]
[WhiteTeamCountry "CZE"]
[BlackTeamCountry "TUR"]
[TimeControl "40/5400+30:1800+30"]

1. e4 {(00:00)} e6 {(00:00)} 2. d4 {(00:01)} d5 {(
00:00)} 3. Nc3 {(00:22)} Nf6 {(00:23)} 4. e5 {(00:17)}
Nfd7 {(00:04)} 5. f4 {(00:14)} c5 {(00:10)} 6. Nf3 {
(00:09)} Nc6 {(00:19)} 7. Be3 {(00:34)} a6 {(01:42]
} 8. Qd2 {(00:21)} b5 {(02:51)} 9. a3 {(00:10)} Qc7 {
(03:20)} 10. Bd3 {(13:39)} cxd4 {(20:14)} 11. Nxd4 {
(00:15)} Nb6 {(00:12)} 12. Rd1 {(18:37)} Bd7 {(06:
21)} 13. Bf2 {(04:48)} Na5 {(05:47)} 14. Nce2 {(02:42)}
Nac4 {(10:44)} 15. Qc1 {(00:04)} Na4 {(08:21)} 16. b4 {
(00:55)} Nab2 {(04:31)} 17. O-O {(03:11)} Nxd1 {(
00:23)} 18. Rxd1 {(00:02)} Be7 {(01:28)} 19. c3 {(03:39)}
a5 {(07:14)} 20. Nf3 {(06:56)} g6 {(05:24)} 21. Bd4 {
(00:19)} Qb7 {(01:18)} 22. f5 {(07:34)} gxf5 {(00:
26)} 23. Qh6 {(00:40)} O-O-O {(08:24)} 24. Qc1 {(01:37)}
Rhg8 {(02:04)} 25. bxa5 {(02:54)} Nxa5 {(02:28)} 26. Qc2 {
(01:10)} Nc4 {(00:40)} 27. a4 {(01:13)} Kc7 {(06:
08)} 28. Bxc4 {(03:39)} dxc4 {(00:20)} 29. a5 {(00:07)}
Qxf3 {(00:35)} 30. Bb6+ {(00:18)} Kb7 {(01:28)} 31. Ng3 {
(00:18)} Qc6 {(00:22)} 32. Bxd8 {(00:40)} Bxd8 {(
00:57)} 33. a6+ {(01:19)} Kc8 {(01:07)} 34. Rd6 {(00:14)}
Qc5+ {(00:12)} 35. Kh1 {(00:40)} Bb6 {(00:40)} 36. Qd1 {
(00:27)} Bc6 {(00:28)} 37. Qa1 {(00:28)} f4 {(00:
39)} 38. a7 {(00:06)} Bxa7 {(00:30)} 0-1

[Event "42nd Olympiad Baku 2016 Women"]
[Site "Baku"]
[Date "2016.09.06"]
[Round "5.14"]
[White "Rogule, Laura"]
[Black "Collas, Silvia"]
[Result "1/2-1/2"]
[ECO "C92"]
[WhiteElo "2306"]
[BlackElo "2301"]
[Annotator ""]
[PlyCount "92"]
[EventDate "2016.??.??"]
[EventType "team-tourn"]
[EventCountry "AZE"]
[SourceTitle "playchess.com"]
[Source "ChessBase"]
[WhiteTeam "Latvia"]
[BlackTeam "France"]
[WhiteTeamCountry "LAT"]
[BlackTeamCountry "FRA"]
[TimeControl "40/5400+30:1800+30"]

1. e4 {(00:00)} e5 {(00:00)} 2. Nf3 {(00:00)} Nc6 {
(00:00)} 3. Bb5 {(00:00)} a6 {(00:09)} 4. Ba4 {(00:
02)} Nf6 {(00:20)} 5. O-O {(00:19)} Be7 {(00:37)} 6. Re1 {
(00:39)} b5 {(01:57)} 7. Bb3 {(00:08)} d6 {(01:14)}
8. c3 {(00:42)} O-O {(00:08)} 9. h3 {(00:31)} Bb7 {
(00:19)} 10. d4 {(02:55)} Re8 {(00:18)} 11. Nbd2 {(
24:46)} Bf8 {(00:38)} 12. Bc2 {(13:36)} Nb8 {(03:01)} 13.
b3 {(05:57)} Nbd7 {(03:50)} 14. Bb2 {(03:04)} g6 {(
01:25)} 15. a4 {(07:02)} Bg7 {(10:14)} 16. d5 {(10:48)} c6
{(03:15)} 17. dxc6 {(03:51)} Bxc6 {(01:26)} 18. c4 {
(04:13)} b4 {(00:10)} 19. a5 {(07:17)} Nc5 {(01:58]
} 20. Re2 {(01:53)} Qc7 {(05:54)} 21. Qe1 {(01:50)} Qb7 {
(00:49)} 22. Nh2 {(01:01)} Nh5 {(03:45)} 23. g3 {(
00:38)} Rf8 {(03:35)} 24. Ndf1 {(02:17)} f5 {(02:14)} 25.
exf5 {(00:54)} gxf5 {(00:14)} 26. Rd2 {(03:47)} Rf6 {
(19:13)} 27. Qd1 {(00:47)} Nf4 {(00:07)} 28. gxf4 {
(02:13)} Rg6+ {(01:02)} 29. Ng4 {(02:06)} Bf3 {(02:
05)} 30. Qe1 {(00:34)} e4 {(01:42)} 31. Bxg7 {(00:33)}
Qxg7 {(01:16)} 32. Ng3 {(00:36)} fxg4 {(00:36)} 33. h4 {
(00:15)} Re8 {(02:44)} 34. Rc1 {(00:56)} Qf6 {(00:
27)} 35. h5 {(00:41)} Rh6 {(00:09)} 36. Rd5 {(00:13)} Qh4
{(07:45)} 37. Bd1 {(00:23)} Nd3 {(02:51)} 38. Rxd3 {
(00:11)} Rxh5 {(00:01)} 39. Bxf3 {(00:56)} Qh2+ {(
00:59)} 40. Kf1 {(00:00)} gxf3 {(00:00)} 41. Rxf3 {(00:38]
} Qh3+ {(06:57)} 42. Kg1 {(00:12)} Re7 {(07:56)} 43. Rd3 {
(12:30)} Qh2+ {(03:11)} 44. Kf1 {(00:05)} Qh3+ {(
04:17)} 45. Kg1 {(00:05)} Qh2+ {(01:41)} 46. Kf1 {(00:06)}
Qh3+ {(01:02)} 1/2-1/2